 Dungeon Crawl Stone Soup version 0.29-a0-817-g9904bce7a6 (webtiles) character file.

Game seed: 10728349074023939974

4 blackman the Chopper (level 1, -3/18 HPs)
             Began as a Human Chaos Knight on July 5, 2022.
             Was a Plaything of Xom.
             Slain by a kobold
             ... wielding a +3 short sword
              (6 damage)
             ... on level 1 of the Dungeon.
             The game lasted 00:00:13 (110 turns).

blackman the Chopper (Human Chaos Knight)            Turns: 110, Time: 00:00:13

Health: -3/18      AC:  5    Str: 12    XL:     1   Next: 77%
Magic:  1/1        EV: 11    Int: 12    God:    Xom [..*...]
Gold:   0          SH:  0    Dex: 12    Spells: 0/0 levels left

rFire   . . .      SeeInvis .   a - +0 hand axe (chaos)
rCold   . . .      Faith    .   (no shield)
rNeg    . . .      Spirit   .   b - +2 leather armour
rPois   .          Reflect  .   (no helmet)
rElec   .          Harm     .   (no cloak)
rCorr   .          Rampage  .   (no gloves)
Will    .....                   (no boots)
Stlth   +.........              (no amulet)
HPRegen 0.06/turn               (no ring)
MPRegen 0.07/turn               (no ring)

@: no status effects
A: no striking features
a: Renounce Religion


You were on level 1 of the Dungeon.
You worshipped Xom.
You were a toy of Xom.
You visited 1 branch of the dungeon, and saw 1 of its levels.

Inventory:

Hand Weapons
 a - a +0 hand axe of chaos (weapon)
Armour
 b - a +2 leather armour (worn)
Miscellaneous
 c - a piece from Xom's chessboard (15/15) (quivered)


   Skills:
 - Level 3.0 Fighting
 + Level 3.3 Axes
 - Level 2.0 Armour
 - Level 1.0 Dodging


You couldn't memorise any spells.
You didn't know any spells.
Your spell library was empty.

Dungeon Overview and Level Annotations

Branches:
Dungeon (1/15)

Altars:

Shops:
D:1 !


Message History

The hobgoblin shouts!
A hobgoblin is nearby!
A hobgoblin is nearby!
A hobgoblin is nearby!
The hobgoblin misses you.
You hit the hobgoblin.
You kill the hobgoblin!
No target in view!
No target in view!
No target in view!
No target in view!
No target in view!
You open the door.
A kobold comes into view. It is wielding a +3 short sword.
The kobold shouts!
Found Ygen's Distillery.
A kobold is nearby!
A kobold is nearby!
A kobold is nearby!
A kobold is nearby!
A kobold is nearby!
The kobold hits you with a +3 short sword.
There is an open door here.
You closely miss the kobold. The kobold barely misses you.
You closely miss the kobold.
The kobold hits you with a +3 short sword.
A shower of butterflies erupts from you!
You completely miss the kobold.
The kobold hits you with a +3 short sword. x2
You are too injured to fight recklessly!
You are too injured to fight recklessly!
You are too injured to fight recklessly!
You are too injured to fight recklessly!
You closely miss the kobold.
The kobold hits you with a +3 short sword.
* * * LOW HITPOINT WARNING * * *
You hit the kobold.
The kobold is poisoned.
The kobold is severely wounded.
The kobold hits you with a +3 short sword.
You die...

#>......### .# #..#.#..#
########.# #..#.#..#
#...b....# #.......#
#........#
....##.#..###........###
. ...#......bb..b.....
..#..#..###.......### ##
......# #.......#
.......# #..#@#..#
#.#.....# ####K####
#.##..... #.# ####.# .∩.
#.# #.# #.# #+#


You could see a kobold (very poisoned, ally target).

Vanquished Creatures
  A goblin (D:1)
  2 hobgoblins (D:1)
  A rat (D:1)
4 creatures vanquished.

Notes
Turn   | Place    | Note
-------+----------+-------------------------------------------
     0 | D:1      | blackman the Human Chaos Knight began the quest for the
                  | Orb.
     0 | D:1      | Reached XP level 1. HP: 18/18 MP: 1/1
    47 | D:1      | XOM: silly message
   104 | D:1      | Found Ygen's Distillery.
   107 | D:1      | XOM: butterfly on damage
   110 | D:1      | Slain by a kobold

Illustrated notes

Levels and vault maps discovered:
D:1:      eino_arrival_cavern_b, layout_loops_cross, serial_shops,
          nicolae_shop_hallway_plus

Action                   || total
-------------------------++-------
Melee: Hand axe          ||    18
       Punch             ||     1
Armor: Leather armour    ||     4
Dodge: Dodged            ||     7

Table legend: (Time is in decaauts)
 A = Elapsed time spent in this place.
 B = Non-inter-level travel time spent in this place.
 C = Inter-level travel time spent in this place.
 D = Time resting spent in this place.
 E = Time spent auto-exploring this place.
 F = Levels seen in this place.
 G = Mean time per level.
                   A        B        C        D        E       F      G
               +--------+--------+--------+--------+--------+-----+--------+
         Total |    113 |    113 |      0 |      0 |     82 |   1 |  113.0 |
       Dungeon |    113 |    113 |      0 |      0 |     82 |   1 |  113.0 |
               +--------+--------+--------+--------+--------+-----+--------+

Top non-repeatable levels by time:
     D:1: 113 daAuts
